 Dungeon Crawl Stone Soup version 0.17.1-1-g73c8601 (webtiles) character file.

22788 Lanilor the Severer (level 12, -5/177 HPs)
             Began as a Minotaur Berserker on Jan 3, 2016.
             Was the Champion of Trog.
             Killed from afar by a deep elf conjurer (23 damage)
             ... with a bolt of lightning
             ... on level 1 of the Elven Halls.
             The game lasted 01:26:28 (13783 turns).

Lanilor the Severer (Minotaur Berserker)           Turns: 13783, Time: 01:26:30

Health: -5/177     AC: 22    Str: 35    XL:     12   Next: 66%
Magic:  11/11      EV: 12    Int: 10    God:    Trog [******]
Gold:   1108       SH:  0    Dex: 10    Spells: 0 memorised, 11 levels left

rFire  . . .     SeeInvis .     R - +6 war axe (venom)
rCold  . . .     Clarity  .     y - +5 ring mail "Boz Ryqe" {Str+3 Int+6}
rNeg   . . .     SustAt   .     (no shield)
rPois  .         Gourm    .     p - +1 hat
rElec  .         Spirit   .     P - +1 cloak
rCorr  .         Warding  .     C - +0 pair of gloves
rMut   .         Stasis   .     S - +2 pair of boots
MR     .....                    t - amulet of faith
Stlth  ..........               s - +1 ring of slaying
                                i - +2 ring of protection

@: berserking (expiring), lethally poisoned (-5 -> -6), very quick, not
resistant to hostile enchantments, extremely unstealthy
A: retaliatory headbutt, horns 2
a: Berserk, Trog's Hand, Brothers in Arms, Burn Spellbooks, Renounce Religion


You were on level 1 of the Elven Halls.
You worshipped Trog.
Trog was exalted by your worship.
You were not hungry.

You visited 5 branches of the dungeon, and saw 18 of its levels.

You collected 1216 gold pieces.
You spent 108 gold pieces at shops.

Inventory:

Hand Weapons
 m - a +1 hunting sling of flaming
 w - a +2 demon trident
 F - a +1 antimagic battleaxe
 G - a +1 war axe of freezing
 N - a +3 antimagic broad axe
 R - a +6 war axe of venom (weapon)
 U - a +1 antimagic hand axe
 V - a +4 longbow of flaming
Armour
 a - a +3 ring mail
 l - a +2 chain mail of positive energy
 p - a +1 hat (worn)
 y - the +5 ring mail "Boz Ryqe" (worn) {Str+3 Int+6}
   (You found it on level 4 of the Dungeon)

   It affects your strength (+3).
   It affects your intelligence (+6).
 C - a +0 pair of gloves (worn)
 P - a +1 cloak (worn)
 S - a +2 pair of boots (worn)
Jewellery
 h - an uncursed amulet of warding {unknown}
 i - a +2 ring of protection (left hand)
 s - a +1 ring of slaying (right hand)
 t - an amulet of faith (around neck)
 I - an uncursed ring of protection from magic
 Z - a +2 ring of intelligence
Wands
 q - a wand of flame (48)
 u - a wand of magic darts (10)
 Y - a wand of slowing (30)
Scrolls
 d - a scroll of identify
 f - 2 scrolls of recharging
 g - 5 scrolls of magic mapping
 j - 2 scrolls of fear {unknown}
 k - 5 scrolls of amnesia
 n - 3 scrolls of teleportation
 v - 2 scrolls of random uselessness {unknown}
 x - 4 scrolls of noise
 z - 4 scrolls of remove curse
 B - a scroll of enchant weapon {unknown}
 D - a scroll of enchant armour
 H - a scroll of immolation {unknown}
 L - a scroll of fog {unknown}
 T - a scroll of blinking {unknown}
Potions
 b - a potion of poison {unknown}
 e - a potion of degeneration
 A - a potion of mutation {unknown}
 E - a potion of curing
 K - a potion of lignification {unknown}
 O - a potion of cure mutation {unknown}
 Q - a potion of invisibility
Comestibles
 c - a bread ration
 o - 2 slices of pizza
 r - a fruit
 J - 2 beef jerkies
 M - 2 royal jellies
 X - 4 meat rations


   Skills:
 * Level 14.3 Fighting
 * Level 17.0 Axes
 * Level 10.5 Armour
 - Level 3.8 Dodging
 - Level 1.5 Stealth


You had 11 spell levels left.
You didn't know any spells.

Dungeon Overview and Level Annotations

Branches:
Dungeon (10/15)            Temple (1/1) D:6            Lair (3/8) D:9
    Orc (3/4) D:10            Elf (1/3) Orc:3
  Swamp: Lair:3-6    Shoals: Lair:3-6     Snake: Lair:3-6    Spider: Lair:3-6

Altars:
Ashenzari
Cheibriados
Dithmenos
Elyvilon
Fedhas
Gozag
Kikubaaqudgha
Makhleb
Nemelex Xobeh
Okawaru
Qazlal
Ru
Sif Muna
Trog
Vehumet
Xom
Yredelemnul
Zin
The Shining One
Beogh

Shops:
D:6 [   D:7 }


Innate Abilities, Weirdness & Mutations

You reflexively headbutt those who attack you in melee.
You have a pair of horns on your head.


Message History

The demonic crawler is moderately wounded.
You hit the demonic crawler.
The demonic crawler is moderately wounded.
The demonic crawler disappears in a puff of smoke! x2
A deep elf conjurer comes into view. It is wielding a long sword of slicing.
The deep elf conjurer shouts!
The deep elf mage hits you with a short sword.
* * * LOW HITPOINT WARNING * * *
You slash the deep elf mage! Your headbutt misses the deep elf mage.
The deep elf mage is moderately wounded.
You feel sick.
The deep elf mage hits you but does no damage.
A deep elf mage comes into view. It is wielding a long sword.
You barely miss the deep elf mage.
The deep elf mage shouts!
You headbutt the deep elf mage!
The deep elf mage is severely wounded.
The deep elf conjurer gestures at you while chanting.
The bolt of lightning hits you!
You die...

..... #....##+####
...## ###..#.....##
..# ##........## #.
###..........#
#............#
##.......>....+
.#....)/.......#
#........)).§...####
##....##..§.@.......
#..... #+...)e#####.
..#./. #+###.#
.###.. .# e. .#.
.e.# .. .


You could see a deep elf conjurer and 2 deep elf magi.

Vanquished Creatures
  Maud (D:10)
  Fannar (Lair:2)
  4 death yaks (Lair:3)
  Nergalle (Lair:3)
  2 deep elf summoners (Elf:1)
  The ghost of Lanilor the Skirmisher, a novice MiBe of Trog (D:6)
  2 deep elf conjurers (Elf:1)
  A gargoyle (D:10)
  5 spiny frogs
  6 trolls
  A two-headed ogre (D:8)
  A wyvern (D:8)
  3 blink frogs (Lair:3)
  Sigmund (D:2)
  2 deep elf magi
  13 yaks (Lair:1)
  A hippogriff (Lair:2)
  8 wolves (Lair:1)
  9 water moccasins
  2 wargs
  7 orc warriors
  8 porcupines
  2 ice beasts
  4 sky beasts
  3 ogres
  4 centaurs
  2 phantoms
  A big kobold (D:9)
  11 giant frogs
  8 crocodiles
  Blork the orc (D:5)
  A gnoll sergeant (D:6)
  2 scorpions
  The ghost of Gargoyl the Skirmisher, a weakling DsAK of Lugonu (D:3)
  3 lava snakes (Lair:2)
  6 hounds
  6 crimson imps
  A giant frog zombie (D:5)
  A quasit (D:9)
  A gnoll shaman (D:6)
  11 iguanas
  A jelly (D:5)
  11 orc wizards
  8 orc priests
  2 centaur skeletons
  Natasha (thrice) (D:3)
  8 worker ants
  2 killer bee zombies (D:7)
  4 sheep (Lair:1)
  5 adders
  35 gnolls
  2 oozes
  An adder skeleton (D:5)
  5 worms
  71 orcs
  A ball python (D:5)
  7 bats
  5 hobgoblins
  27 jackals
  3 quokkas
  6 giant cockroaches
  5 giant geckos
  4 giant newts
  4 goblins
  A jackal skeleton (D:5)
  16 kobolds
  A quokka skeleton (D:7)
  A quokka zombie (D:8)
  8 rats
  A fungus (Lair:1)
  10 plants
407 creatures vanquished.

Vanquished Creatures (others)
  Jessica (D:3)
  A fungus (Lair:1)
2 creatures vanquished.

Grand Total: 409 creatures vanquished

Notes
Turn   | Place    | Note
--------------------------------------------------------------
     0 | D:1      | Lanilor the Minotaur Berserker began the quest for the Orb.
     0 | D:1      | Reached XP level 1. HP: 19/19 MP: 0/0
   200 | D:1      | Reached XP level 2. HP: 27/27 MP: 1/1
   330 | D:1      | Reached skill level 4 in Axes
   808 | D:2      | Reached ** piety under Trog
   855 | D:2      | Reached XP level 3. HP: 30/33 MP: 2/2
   909 | D:2      | Noticed Sigmund
   918 | D:2      | Killed Sigmund
   918 | D:2      | Reached skill level 5 in Fighting
   918 | D:2      | Reached skill level 5 in Axes
   918 | D:2      | Reached XP level 4. HP: 29/42 MP: 3/3
   918 | D:2      | Reached XP level 5. HP: 33/48 MP: 4/4
  1303 | D:3      | Killed Jessica
  1456 | D:3      | Found a white marble altar of Elyvilon.
  1491 | D:3      | Noticed Natasha
  1504 | D:3      | Killed Natasha
  1703 | D:3      | Noticed Natasha
  1709 | D:3      | Killed Natasha
  1813 | D:3      | Noticed Gargoyl's ghost (weakling DsAK)
  1814 | D:3      | Noticed Natasha
  1820 | D:3      | Killed Gargoyl's ghost
  1820 | D:3      | Reached XP level 6. HP: 57/57 MP: 5/5
  1821 | D:3      | Killed Natasha
  1950 | D:3      | Found a sparkling altar of Nemelex Xobeh.
  2073 | D:3      | Reached skill level 6 in Fighting
  2361 | D:4      | Reached *** piety under Trog
  2385 | D:4      | Got a bloodstained ring mail
  2391 | D:4      | Identified the +5 ring mail "Boz Ryqe" {Str+3 Int+6} (You found it on level 4 of the Dungeon)
  2932 | D:5      | Entered Level 5 of the Dungeon
  3037 | D:5      | Found an iron altar of Okawaru.
  3037 | D:5      | Noticed Blork the orc
  3041 | D:5      | Reached XP level 7. HP: 58/64 MP: 6/6
  3050 | D:5      | Killed Blork the orc
  3050 | D:5      | Reached skill level 1 in Stealth
  3050 | D:5      | Reached skill level 5 in Armour
  3227 | D:5      | Reached skill level 7 in Fighting
  3576 | D:5      | Reached XP level 8. HP: 73/73 MP: 7/7
  3984 | D:6      | Reached **** piety under Trog
  4116 | D:6      | Reached skill level 8 in Fighting
  4121 | D:6      | Received a gift from Trog
  4287 | D:6      | Noticed Lanilor's ghost (novice MiBe)
  4301 | D:6      | Killed Lanilor's ghost
  4301 | D:6      | Reached skill level 9 in Axes
  4301 | D:6      | Reached XP level 9. HP: 63/82 MP: 8/8
  4768 | D:6      | Reached ***** piety under Trog
  5186 | D:6      | Got a heavily jewelled robe
  5217 | D:6      | Found a staircase to the Ecumenical Temple.
  5223 | Temple   | Entered the Ecumenical Temple
  5601 | D:6      | Found Ynumed's Antique Armour Shop.
  5604 | D:6      | Bought a pair of runed boots for 108 gold pieces
  5705 | D:7      | Reached skill level 10 in Axes
  5902 | D:7      | Found Cufotten's Gadget Emporium.
  6142 | D:8      | Received a gift from Trog
  6331 | D:8      | Reached skill level 11 in Axes
  6672 | D:8      | Reached skill level 10 in Fighting
  6792 | D:8      | Reached XP level 10. HP: 72/93 MP: 3/9
  7103 | D:9      | Reached skill level 12 in Axes
  7400 | D:9      | Found a staircase to the Lair.
  7512 | Lair:1   | Entered Level 1 of the Lair of Beasts
  7992 | Lair:1   | Reached skill level 13 in Axes
  8352 | Lair:1   | Reached XP level 11. HP: 98/103 MP: 3/10
  8355 | Lair:1   | Received a gift from Trog
  8946 | Lair:1   | Reached skill level 14 in Axes
  9684 | Lair:2   | Noticed Fannar
  9694 | Lair:2   | Killed Fannar
 10302 | Lair:3   | Reached skill level 15 in Axes
 10351 | Lair:3   | Reached ****** piety under Trog
 10359 | Lair:3   | Received a gift from Trog
 10359 | Lair:3   | Reached skill level 10 in Armour
 10703 | Lair:3   | Noticed Nergalle
 10747 | Lair:3   | Killed Nergalle
 10970 | Lair:3   | Noticed a death yak
 10974 | Lair:3   | Noticed a death yak
 10976 | Lair:3   | Noticed a death yak
 10977 | Lair:3   | Noticed a death yak
 10987 | Lair:3   | Killed a death yak
 11014 | Lair:3   | Killed a death yak
 11014 | Lair:3   | Reached XP level 12. HP: 64/115 MP: 11/11
 11022 | Lair:3   | Killed a death yak
 11030 | Lair:3   | Killed a death yak
 11386 | D:10     | Entered Level 10 of the Dungeon
 11429 | D:10     | Reached skill level 16 in Axes
 11501 | D:10     | Found a staircase to the Orcish Mines.
 11504 | D:10     | Noticed Maud
 11525 | D:10     | Killed Maud
 11539 | D:10     | Found a roughly hewn altar of Beogh.
 12174 | Orc:1    | Entered Level 1 of the Orcish Mines
 13024 | Orc:3    | Received a gift from Trog
 13045 | Orc:3    | Found a staircase to the Elven Halls.
 13704 | Elf:1    | Entered Level 1 of the Elven Halls
 13759 | Elf:1    | Received a gift from Trog
 13780 | Elf:1    | Reached skill level 17 in Axes
 13783 | Elf:1    | Killed from afar by a deep elf conjurer

Action                   |  1- 3 |  4- 6 |  7- 9 | 10-12 || total
-------------------------+-------+-------+-------+-------++-------
Melee: Hand axe          |    55 |   104 |     9 |       ||   168
       War axe           |       |       |   220 |   226 ||   446
       Battleaxe         |       |       |    60 |   222 ||   282
Invok: Berserk           |     1 |     1 |     3 |     4 ||     9
       Trog's Hand       |       |       |     1 |     2 ||     3
       Burn Spellbooks   |       |       |       |     3 ||     3
Evoke: Deck              |       |       |       |     1 ||     1
  Use: Scroll            |       |     2 |     4 |    14 ||    20
       Potion            |       |       |     1 |     6 ||     7
 Stab: Sleeping          |     1 |       |       |       ||     1
       Invisible         |       |       |       |     1 ||     1
  Eat: Meat ration       |       |     1 |     1 |       ||     2
       Fruit             |       |     4 |     1 |     4 ||     9
       Bread ration      |       |       |     3 |     4 ||     7
       Pizza             |       |       |       |     1 ||     1
